 Dungeon Crawl Stone Soup version 0.30.0 (webtiles) character file.

Game seed: 6584356333962662393

44 samcosmo the Grasshopper (level 3, -2/30 HPs)
             Began as a Draconian Warper on July 5, 2023.
             Slain by a gnoll
             ... wielding a +0 club
              (7 damage)
             ... on level 1 of the Dungeon.
             The game lasted 00:02:00 (1208 turns).

samcosmo the Grasshopper (Draconian Warper)         Turns: 1208, Time: 00:02:00

Health: -2/30      AC:  6    Str: 15    XL:     3   Next: 41%
Magic:  6/6        EV: 12    Int: 13    God:
Gold:   81         SH:  0    Dex: 10    Spells: 1/6 levels left

rFire   + . .        a - +0 mace
rCold   . . .        (no shield)
rNeg    . . .        (body armour unavailable)
rPois   .            (helmet restricted)
rElec   .            e - +0 cloak
rCorr   .            (no gloves)
SInv    .            (no boots)
Will    .....        (no amulet)
Stlth   +            f - ring of protection from fire
HPRegen 0.25/turn    (no ring)
MPRegen 0.10/turn

%: no passive effects
@: no status effects
A: AC +5, unfitting armour, cold-blooded
a: no special abilities


You were on level 1 of the Dungeon.
You visited 1 branch of the dungeon, and saw 2 of its levels.

You collected 81 gold pieces.

Inventory:

Hand Weapons
 a - a +0 mace (weapon)
Missiles
 c - 7 boomerangs of dispersal (quivered)
Armour
 e - a +0 cloak (worn)
Jewellery
 f - a ring of protection from fire (left hand)
Scrolls
 b - a scroll of blinking
 d - a scroll of poison {unknown}
 g - 2 scrolls of teleportation {unknown}
 h - a scroll of enchant weapon {unknown}
Potions
 i - a potion of heal wounds {unknown}


   Skills:
 + Level 2.8 Fighting
 + Level 2.5 Maces & Flails
 - Level 0.8 Throwing
 - Level 2.1 Dodging
 + Level 2.4 Spellcasting
 + Level 3.4 Translocations


You had one spell level left.
You knew the following spells:

 Your Spells              Type           Power      Damage    Failure   Level
a - Blink                 Tloc           20%        N/A       9%          2
b - Vhi's Electric Charg  Tloc/Air       12%        N/A       36%         3

Your spell library contained the following spells:

 Spells                   Type           Power      Damage    Failure   Level
 Sandblast                Erth           2%         2d4       24%         1
 Lesser Beckoning         Tloc           20%        N/A       9%          2
 Teleport Other           Tloc           10%        N/A       19%         3
 Passwall                 Tmut/Erth      0%         N/A       36%         2
 Manifold Assault         Tloc           10%        N/A       52%         4
 Stone Arrow              Conj/Erth      2%         3d7       58%         3


Dungeon Overview and Level Annotations

Branches:
Dungeon (2/15)

Altars:


Innate Abilities, Weirdness & Mutations

Your plain brown scales are hard. (AC +5)
You cannot fit into any form of body armour.
You are cold-blooded and may be slowed by cold attacks.


Message History

You blink. 2 gnolls come into view.
The gnoll shouts! x2
You feel stable enough to blink again. The gnoll hits you with a +0 club.
There is a stone staircase leading up here.
The gnoll closely misses you.
You climb upwards.
There is a stone staircase leading down here.
You are too injured to fight recklessly!
You are too injured to fight recklessly!
You hit the gnoll.
You tail-slap the gnoll, but do no damage.
The gnoll is moderately wounded.
The gnoll hits you with a +0 club.
You barely miss the gnoll.
The gnoll is moderately wounded.
The gnoll closely misses you.
You barely miss the gnoll.
The gnoll is moderately wounded.
The gnoll misses you.
You barely miss the gnoll.
The gnoll is moderately wounded.
The gnoll hits you with a +0 club. The gnoll barely misses you.
You closely miss the gnoll.
The gnoll is moderately wounded.
The gnoll hits you with a +0 club.
* * * LOW HITPOINT WARNING * * *
You hit the gnoll but do no damage.
Your tail-slap misses the gnoll.
The gnoll is moderately wounded.
The gnoll hits you with a +0 club.
* * * LOW HITPOINT WARNING * * *
You barely miss the gnoll.
The gnoll is moderately wounded.
The gnoll hits you with a +0 club.
* * * LOW HITPOINT WARNING * * *
You hit the gnoll but do no damage.
The gnoll is moderately wounded.
The gnoll barely misses you. The gnoll hits you with a +0 club!
You die...

##'## #..##.##.# #.# # #...##
##.#..##.# #.# # .....##
##..#.##.###.#### # ......##
##........##.#.#.## ##
.......####...##.####.###...####.
.......'...............#.......'.
.....[.####...##.######.......##.
......## ##.###.# ####.##.###
.....## ### #@# ####.# # #...##
##g# #.# # ##'## #..# #.# # #.#
##### #.## ####.# # ##.#####...#
#.# #....### ...........# #.#
##....... #...####...# #.#
#...###≈# .....# ##.## #.#
#...#.#≈# #...## #.# #.#
#.###.#≈#


You could see a gnoll.

Vanquished Creatures
  An adder (D:2)
  A worm (D:2)
  A dart slug (D:1)
  3 ball pythons
  4 endoplasms (D:1)
  A giant cockroach (D:1)
  2 hobgoblins (D:1)
  2 kobolds (D:1)
  2 quokkas (D:1)
  8 bats (D:1)
  4 rats
29 creatures vanquished.

Notes
Turn   | Place    | Note
-------+----------+-------------------------------------------
     0 | D:1      | samcosmo the Draconian Warper began the quest for the Orb.
     0 | D:1      | Reached XP level 1. HP: 17/17 MP: 3/3
   339 | D:1      | Reached XP level 2. HP: 24/25 MP: 5/5
   353 | D:1      | Learned a level 2 spell: Blink
   958 | D:1      | Reached XP level 3. HP: 30/30 MP: 6/6
  1055 | D:1      | Learned a level 3 spell: Vhi's Electric Charge
  1208 | D:1      | Slain by a gnoll

Illustrated notes

Levels and vault maps discovered:
D:1:      roderic_chinese_lattice_arrival, layout_loops_corners,
          minmay_crystal_room, minmay_liquid_box, grunt_decor_cap,
          minmay_stone_trees_large
D:2:      layout_loops_ring, serial_shops, nicolae_shop_pleasant_corner_grove,
          basic_altar, nrook_loot_triangle, uniq_natasha

Action                     || total
---------------------------++-------
  Melee: Mace              ||   111
         Tailslap          ||     7
   Cast: Blink             ||     1
   Stab: Sleeping          ||     1
 Armour: Skin              ||    30
  Dodge: Dodged            ||    85
